 Dungeon Crawl Stone Soup version 0.24.0-125-gc4c63601f3 (webtiles) character file.

Game seed: 1964064881670627618, levelgen mode: deterministic

2920 MisterOstroum the Twirler (level 9, -14/68 (69) HPs)
             Began as a Vampire Wanderer on Mar 13, 2020.
             Was a Plaything of Xom.
             Demolished by an elephant (18 damage)
             ... on level 8 of the Dungeon.
             The game lasted 00:13:27 (8064 turns).

MisterOstroum the Twirler (Vampire Wanderer)        Turns: 8064, Time: 00:13:28

HP:   -14/68 (69)   AC:  6    Str: 13    XL:     9   Next: 50%
MP:   12/12         EV: 16    Int: 14    God:    Xom [.*....]
Gold: 268           SH:  0    Dex: 15    Spells: 7/8 levels left

rFire    . . .     SeeInvis +   a - +4 quarterstaff (chaos)
rCold    . . .     Gourm    .   (shield currently unavailable)
rNeg     . . .     Faith    .   d - +1 robe
rPois    .         Spirit   .   (no helmet)
rElec    .         Reflect  .   t - +1 cloak
rCorr    .         Harm     .   w - +0 pair of gloves
MR       .....                  (no boots)
Stlth    +++.......             (no amulet)
HPRegen  0.41/turn              u - ring of flight
MPRegen  0.13/turn              (no ring)

@: regenerating quickly
A: no food, fangs 3, hooves 1, see invisible, mutation resistance 1, unbreathing
a: Exsanguinate, Renounce Religion, Evoke Flight


You were on level 8 of the Dungeon.
You worshipped Xom.
You were a plaything of Xom.
You were alive.

You visited 2 branches of the dungeon, and saw 9 of its levels.

You collected 403 gold pieces.
You spent 135 gold pieces at shops.

Inventory:

Hand Weapons
 a - a +4 quarterstaff of chaos (weapon)
 e - a +0 dagger
 r - a +2 whip of venom
Missiles
 b - 40 sling bullets
 i - 169 stones
 l - 68 bolts
 n - 6 datura-tipped darts
 p - 73 arrows
 q - 9 poisoned darts (quivered)
Armour
 d - a +1 robe (worn)
 t - a +1 cloak (worn)
 w - a +0 pair of gloves (worn)
Jewellery
 u - a ring of flight (left hand)
 C - a +2 ring of strength {unknown}
Wands
 x - a wand of paralysis (21)
 z - a wand of acid (7)
 A - a wand of iceblast (9)
 E - a wand of flame (8)
 G - a wand of polymorph (5)
Scrolls
 f - 3 scrolls of random uselessness {unknown}
 g - a scroll of magic mapping {@r5 !r}
 j - a scroll of amnesia {unknown}
 o - 2 scrolls of teleportation {@r3 !r}
 s - 2 scrolls of remove curse
 y - a scroll of enchant weapon {unknown}
 B - a scroll of immolation {unknown}
 D - a scroll of holy word {unknown}
 I - 2 scrolls of noise {unknown}
 J - a scroll of identify {@r1}
Potions
 c - 6 potions of curing {@q1 !q}
 h - 3 potions of lignification {@q6}
 k - 5 potions of brilliance
 m - 3 potions of magic
 v - a potion of flight {unknown}
 F - 2 potions of haste {unknown}
 H - a potion of cancellation {unknown}


   Skills:
 + Level 6.2 Fighting
 * Level 6.9 Staves
 - Level 1.0 Throwing
 + Level 6.1 Dodging
 - Level 5.3 Stealth
   Level 1.1 Charms
   Level 2.0 Summonings
 * Level 4.8 Evocations


You had 7 spell levels left.
You knew the following spells:

 Your Spells              Type           Power        Failure   Level  Hunger
a - Apportation           Tloc           #.....       28%         1    N/A

Your spell library contained the following spells:

 Spells                   Type           Power        Failure   Level  Hunger
 Portal Projectile        Hex/Tloc       #.....       65%         3    N/A

Dungeon Overview and Level Annotations

Branches:
Dungeon (8/15)             Temple (1/1) D:4            Lair (0/6) D:8

Altars:
Ashenzari
Elyvilon
Fedhas
Gozag
Hepliaklqana
Kikubaaqudgha
Makhleb
Nemelex Xobeh
Okawaru
Qazlal
Ru
Sif Muna
Uskayaw
Vehumet
Wu Jian
Xom
Yredelemnul
Zin
The Shining One

Shops:
D:4 (   D:7 *

Annotations:
D:5 1 runed translucent door, Menkaure; Peloso's ghost, novice MiFi


Innate Abilities, Weirdness & Mutations

You do not eat.
Your natural rate of healing is unusually fast.
You have razor-sharp teeth.
You have supernaturally acute eyesight. (SInv)
You can survive without breathing.
You have large cloven feet.
You are somewhat resistant to further mutation.


Message History

The basilisk gazes at you. You resist with some effort.
The basilisk gazes at you. You resist with some effort. The basilisk bites you!
You turn to flesh and can move again.
You see here 11 gold pieces.
Unknown command.
Unknown command.
You sock the basilisk! You drain the basilisk.
The basilisk is heavily wounded.
The basilisk bites you!
You sock the basilisk!
You kick the basilisk, but do no damage.
The basilisk is almost dead.
The basilisk barely misses you.
You completely miss the basilisk. Your bite misses the basilisk.
The basilisk is almost dead.
The basilisk gazes at you.
You easily resist.
You sock the basilisk!
Your hair stands on end.
You kill the basilisk!
You now have 268 gold pieces (gained 11).
There is a staircase to the Lair here.
You start resting.
The two-headed ogre is too close now for your liking.
A two-headed ogre is nearby!
A two-headed ogre is nearby!
The two-headed ogre shouts in stereo!
Evoke which item? (* to show all) (? for menu, Esc to quit)
Aiming: Polymorph
Press: ? - help, Shift-Dir - straight line, f - two-headed ogre
Aim: a two-headed ogre, wielding two +0 giant clubs (chance to defeat MR: 42%)
The two-headed ogre resists with some effort.
Evoke which item? (* to show all) (? for menu, Esc to quit)
Aiming: Polymorph
Press: ? - help, Shift-Dir - straight line, f/p - two-headed ogre
Aim: a two-headed ogre, wielding two +0 giant clubs (chance to defeat MR: 42%)
The two-headed ogre resists with some effort.
Evoke which item? (* to show all) (? for menu, Esc to quit)
Aiming: Polymorph
Press: ? - help, Shift-Dir - straight line, f/p - two-headed ogre
Aim: a two-headed ogre, wielding two +0 giant clubs (chance to defeat MR: 42%)
The two-headed ogre resists with some effort.
Evoke which item? (* to show all) (? for menu, Esc to quit)
Aiming: Polymorph
Press: ? - help, Shift-Dir - straight line, f/p - two-headed ogre
Aim: a two-headed ogre, wielding two +0 giant clubs (chance to defeat MR: 42%)
The two-headed ogre evaporates and reforms as an elephant!
Xom is mildly amused.
Xom titters.
You are now a plaything of Xom.
Unknown command.
The elephant barely misses you. The elephant completely misses you.
You hit the elephant but do no damage. Your kick misses the elephant.
You bite the elephant, but do no damage.
The elephant completely misses you. The elephant closely misses you.
You hit the elephant but do no damage.
You feel uncomfortably hot.
You kick the elephant, but do no damage.
The elephant tramples you!
You stumble backwards!
You hit the elephant but do no damage. The elephant tramples you!
You stumble backwards!
You barely miss the elephant.
You kick the elephant, but do no damage.
The elephant barely misses you. The elephant closely misses you.
You hit the elephant.
The elephant is poisoned.
You kick the elephant.
The elephant is lightly wounded.
The elephant barely misses you. The elephant trunk-slaps you.
You hit the elephant.
The elephant seems to slow down.
The elephant is lightly wounded.
The elephant closely misses you.
The elephant trunk-slaps you but does no damage.
You hit the elephant.
The elephant seems to speed up.
Xom is highly amused!
You kick the elephant.
The elephant is moderately wounded.
The elephant tramples you!
You stumble backwards!
You hit the elephant.
The elephant is moderately wounded.
The elephant tramples you!
* * * LOW HITPOINT WARNING * * *
You stumble backwards! "See what I see, my child!"
You detect items!
You see here a quarterstaff.
Press: ? - help, v - describe, . - travel
Here: an elephant (moderately wounded, fast+slow, poisoned)
The floor.
Unknown command.
The elephant is no longer moving slowly.
The elephant tramples you but does no damage.
The elephant closely misses you. The elephant tramples you!
* * * LOW HITPOINT WARNING * * *
You stumble backwards!
Evoke which item? (* to show all) (? for menu, Esc to quit)
Aiming: Paralyse
Press: ? - help, Shift-Dir - straight line, f/p - elephant
Aim: an elephant (heavily wounded, fast, poisoned, chance to defeat MR: 26%)
The elephant easily resists.
The elephant tramples you!!
You die...
Xom guffaws!

..........#.##....# #....#
#...###.#...##.)#.# ##...####
.....##......)#.#.### ###....###
.P....#.............# #.##...#
...P..###.#.).......######.####.#
.......).....)..........##.# #<#
........###...[#.#......##.# #.#
..>.....# #.#.>#Y....#####.# #..
.......## #.#...@..#.### #.# #..
.......# #.##.........###.####..
.P..P.## #.......##.............
.P.P..# ####....##...###..###..
.....## ...............# #..
#...## ########...###### #..
##... ##### #.. #.. ###


You could see an elephant.

Vanquished Creatures
  A queen bee (shapeshifter) (D:5)
  2 hippogriffs
  A yak (D:7)
  2 hungry ghosts (D:8)
  A basilisk (D:8)
  A steam dragon (D:7)
  2 ice beasts (D:7)
  An orc warrior (D:4)
  A centaur (D:6)
  A crocodile (D:8)
  Blork the orc (D:4)
  2 bullfrogs (D:6)
  A scorpion (D:6)
  A howler monkey (D:4)
  Crazy Yiuf (D:2)
  A bullfrog zombie (D:6)
  2 centaur skeletons
  6 hounds
  A jelly (D:7)
  2 orc priests
  5 orc wizards
  Terence (D:2)
  2 iguanas
  2 worker ants
  A killer bee zombie (D:7)
  A hound skeleton (D:4)
  A worker ant zombie (D:8)
  3 gnolls
  7 adders
  2 shadow imps (D:7)
  3 worms
  3 dart slugs
  11 leopard geckos
  9 orcs
  12 bats
  3 giant cockroaches
  8 goblins
  2 hobgoblins
  12 jackals
  2 quokkas
  3 ball pythons
  2 frilled lizards
  3 kobolds
  2 quokka skeletons
  A quokka zombie (D:7)
  8 rats
140 creatures vanquished.

Vanquished Creatures (collateral kills)
  An orc warrior (D:8)
  A gnoll sergeant (D:7)
  A gnoll (D:7)
3 creatures vanquished.

Vanquished Creatures (others)
  2 withered plants (D:5)
2 creatures vanquished.

Grand Total: 145 creatures vanquished

Notes
Turn   | Place    | Note
-------+----------+-------------------------------------------
     0 | D:1      | MisterOstroum the Vampire Wanderer began the quest for the
                  | Orb.
     0 | D:1      | MisterOstroum set off with the following items: a +2
                  | quarterstaff, a potion of curing {@q1 !q}, a +0 robe, a +0
                  | dagger; and the following spell memorised: Apportation; and
                  | the following spells available to memorise: Portal
                  | Projectile
     0 | D:1      | Reached XP level 1. HP: 17/17 MP: 1/1
    22 | D:1      | Reached XP level 2. HP: 18/23 MP: 2/2
   531 | D:1      | Reached skill level 1 in Dodging
   560 | D:1      | Reached XP level 3. HP: 26/29 MP: 3/3
   742 | D:2      | Noticed Terence
  1276 | D:2      | Found a runed translucent door.
  1277 | D:2      | Noticed Crazy Yiuf
  1327 | D:2      | Reached XP level 4. HP: 13/35 MP: 4/4
  2155 | D:3      | HP: 1/37 [poisoned by an adder]
  2274 | D:3      | Found an ornate altar of the Wu Jian Council.
  2281 | D:3      | Reached XP level 5. HP: 42/42 MP: 5/5
  2363 | D:2      | Killed Crazy Yiuf
  2496 | D:2      | Killed Terence
  2668 | D:3      | Found a radiant altar of Vehumet.
  2991 | D:4      | Reached skill level 5 in Stealth
  2991 | D:4      | Reached XP level 6. HP: 46/48 MP: 6/6
  3001 | D:4      | Found Vupulaul's Antique Weapon Emporium.
  3028 | D:4      | Noticed Blork the orc
  3059 | D:4      | Killed Blork the orc
  3245 | D:4      | Noticed an orc warrior
  3391 | D:4      | Found a staircase to the Ecumenical Temple.
  3396 | Temple   | Entered the Ecumenical Temple
  3572 | D:4      | Killed an orc warrior
  3658 | D:4      | Reached XP level 7. HP: 55/55 MP: 7/7
  3838 | D:5      | Entered Level 5 of the Dungeon
  3999 | D:4      | Found Vupulaul's Antique Weapon Emporium.
  4196 | D:4      | Found a staircase to the Ecumenical Temple.
  4466 | D:5      | Found a runed translucent door.
  4478 | D:5      | Noticed Peloso's ghost (novice MiFi)
  4626 | D:5      | Noticed a shapeshifter
  4626 | D:5      | an iguana changed into a shapeshifter
  4626 | D:5      | Noticed a queen bee
  4626 | D:5      | a shapeshifter changed into a queen bee
  4634 | D:5      | Killed a queen bee
  4815 | D:5      | Found a shimmering altar of Xom.
  4820 | D:5      | Noticed a hippogriff
  4824 | D:5      | Became a worshipper of Xom of Chaos
  4840 | D:5      | Killed a hippogriff
  4840 | D:5      | Reached skill level 5 in Fighting
  4840 | D:5      | Reached skill level 5 in Staves
  4994 | D:5      | Found a shimmering blue altar of Sif Muna.
  5144 | D:5      | XOM: god gift: forked iron wand {god gift}
  5291 | D:5      | Noticed Menkaure
  5352 | D:6      | Reached XP level 8. HP: 62/62 MP: 8/8
  5399 | D:6      | Reached skill level 1 in Evocations
  5484 | D:6      | XOM: 1-stop teleportation journey
  5488 | D:6      | XOM: noise
  5685 | D:6      | Found a basalt altar of Yredelemnul.
  5732 | D:6      | XOM: give mutations
  5732 | D:6      | Gained mutation: You are somewhat resistant to further
                  | mutation. [Xom's grace]
  5732 | D:6      | Gained mutation: You have large cloven feet. [Xom's grace]
  5933 | D:6      | Found a sparkling altar of Nemelex Xobeh.
  6138 | D:6      | XOM: mild Necr miscast
  6535 | D:7      | Found Ceqekk's Assorted Antiques.
  6561 | D:7      | Bought a scroll labeled NAONEPNODYSCH for 27 gold pieces
  6561 | D:7      | Bought an ivory wand for 108 gold pieces
  6591 | D:7      | Found a burning altar of Makhleb.
  6597 | D:7      | Noticed a blizzard demon
  6599 | D:7      | Found a glowing silver altar of Zin.
  6599 | D:7      | Noticed an angel
  6608 | D:7      | Reached skill level 5 in Dodging
  6884 | D:7      | XOM: harmless Ice miscast
  7329 | D:7      | Reached XP level 9. HP: 68/68 MP: 11/11
  7356 | D:7      | Found an ancient bone altar of Kikubaaqudgha.
  7363 | D:7      | Found a stormy altar of Qazlal.
  7548 | D:8      | XOM: cast spell 'Disjunction'
  7589 | D:8      | Noticed a two-headed ogre
  7658 | D:8      | Found a staircase to the Lair.
  7662 | D:8      | XOM: fake destruction
  7688 | D:7      | XOM: smoke on damage
  7882 | D:8      | XOM: summons 9 friendly demons
  8049 | D:8      | Noticed an elephant
  8049 | D:8      | a two-headed ogre changed into an elephant
  8049 | D:8      | XOM: confuse monster(s)
  8059 | D:8      | XOM: divination: detect items
  8064 | D:8      | Demolished by an elephant

Levels and vault maps discovered:
D:1:      tarquinn_simple_flora_water_f, layout_basic
D:2:      layout_basic, first_ration, uniq_terence, uniq_crazy_yiuf_cottage
D:3:      layout_loops_ring, vehumet_crystals, overflow_temple_1_default
D:4:      layout_loops_ring, temple_doors_ab, serial_shops, shop,
          uniq_blork_the_orc
D:5:      layout_loops_ring, lemuel_coloured_pillars_altar, basic_altar,
          gammafunk_ghost_grave, uniq_menkaure
D:6:      layout_layer_cave, nemelex_xobeh_ov_fountains_minmay,
          old_standard_altar
D:7:      layout_gridville, grunt_temple_overflow_order_and_chaos_2,
          amethyst_overflow_temple_binary, serial_shops,
          nicolae_shop_overgrown_old_shop
D:8:      layout_rooms, old_standard_altar, david_lair_generic, the_bakery
Temple:   nicolae_temple_figure_zero

Skill      XL: |  1  2  3  4  5  6  7  8  9 |
---------------+----------------------------+-----
Fighting       | 3 4 5 6 |  6.2
Dodging        | 1 2 3 4 5 6 |  6.1
Staves         | 2 3 5 6 |  6.9
Stealth        | 4 5 |  5.3
Evocations     | 3 4 |  4.8
Throwing       | |  1.0
Charms         | |  1.1
Summonings     | |  2.0

Action                   |  1- 3 |  4- 6 |  7- 9 || total
-------------------------+-------+-------+-------++-------
Melee: Quarterstaff      |    88 |   126 |   223 ||   437
       Bite              |     6 |    14 |    26 ||    46
       Kick              |       |       |    32 ||    32
Throw: Stone             |       |       |     1 ||     1
       Dart              |       |       |    16 ||    16
Evoke: Wand              |       |       |     5 ||     5
  Use: Potion            |     1 |     2 |       ||     3
       Scroll            |       |     6 |     2 ||     8
 Stab: Sleeping          |     9 |     4 |    12 ||    25
       Petrified         |       |       |     2 ||     2
       Distracted        |       |       |     1 ||     1
       Paralysed         |       |       |     1 ||     1
Armor: Robe              |    13 |    18 |    55 ||    86
       Skin              |       |     3 |       ||     3
Dodge: Dodged            |    48 |    67 |   183 ||   298
